 Dungeon Crawl Stone Soup version 0.29.1 (webtiles) character file.

Game seed: 6612656324619676097

319 qw the Cleaver (level 6, -1/52 HPs)
             Began as a Minotaur Berserker on Sept 13, 2022.
             Was a Believer of Trog.
             Slain by Jessica
             ... wielding a +0 club
              (3 damage)
             ... on level 3 of the Dungeon.
             The game lasted 00:00:55 (2267 turns).

qw the Cleaver (Minotaur Berserker)                 Turns: 2267, Time: 00:00:55

Health: -1/52      AC:  8    Str: 24    XL:     6   Next: 21%
Magic:  5/5        EV:  8    Int:  4    God:    Trog [**....]
Gold:   108        SH:  5    Dex:  9    Spells: 5/5 levels left

rFire   . . .      SeeInvis .   Y - +0 hand axe
rCold   . . .      Faith    .   (no shield)
rNeg    . . .      Spirit   .   e - +0 chain mail
rPois   .          Reflect  +   (helmet restricted)
rElec   .          Harm     .   (no cloak)
rCorr   .          Rampage  .   (no gloves)
Will    .....                   (no boots)
Stlth   ..........              c - amulet of reflection
HPRegen 0.17/turn               (no ring)
MPRegen 0.09/turn               (no ring)

@: on berserk cooldown, slowed, very slow
A: horns 2, retaliatory headbutt
a: Renounce Religion, Berserk, Trog's Hand


You were on level 3 of the Dungeon.
You worshipped Trog.
Trog was pleased with you.
You visited 1 branch of the dungeon, and saw 3 of its levels.

You collected 108 gold pieces.


Innate Abilities, Weirdness & Mutations

You have a pair of horns on your head.
You reflexively headbutt those who attack you in melee.


   Skills:
 - Level 4.0 Fighting
 + Level 8.3 Axes
 - Level 2.4 Armour
 - Level 2.1 Dodging


You had 5 spell levels left.
You didn't know any spells.
Your spell library was empty.

Inventory:

Hand Weapons
 g - a +0 whip
 Y - a +0 hand axe (weapon)
Armour
 e - a +0 chain mail (worn)
Jewellery
 c - an amulet of reflection (around neck)
Scrolls
 h - a scroll of identify
Potions
 a - a potion of mutation
 b - a potion of degeneration {unknown}
 k - a potion of might
 l - a potion of curing {unknown}
 m - a potion of attraction {unknown}

Dungeon Overview and Level Annotations

Branches:
Dungeon (3/15)

Altars:

Shops:
D:1 (

Annotations:
D:3 Jessica


Message History

Jessica gestures at you while chanting. Pain shoots through your body!
You hit Jessica. Your headbutt misses Jessica.
Jessica is moderately wounded.
Jessica hits you but does no damage.
You closely miss Jessica.
Jessica is moderately wounded.
Your surroundings suddenly seem different.
A goblin comes into view. It is wielding a +0 dagger.
The goblin shouts!
You hit the goblin.
The goblin is moderately wounded.
You recover from your berserk rage.
You block the goblin's attack.
2248 ||| INVOKING Berserk.
A red film seems to cover your vision as you go berserk!
You feel yourself moving faster!
You feel mighty! The goblin hits you but does no damage.
You slash the goblin!
You kill the goblin!
Trog accepts your kill.
You start resting.
You feel a strong urge to attack something.
You feel your anger nearly subside.
You are no longer berserk.
You are exhausted.
You feel yourself slow down.
Jessica is nearby!
Jessica hits you but does no damage.
You hit Jessica but do no damage.
Jessica is moderately wounded.
Jessica casts a spell.
Jessica blinks!
2263 ||| Stepping ~*~*~tactically~*~*~ (hiding).
You start resting.
Jessica is nearby!
Jessica hits you with a +0 club.
You hit Jessica.
Jessica is severely wounded.
Jessica hits you with a +0 club.
You die...

#
#.##########
#.@@.)......
#.##########
.. #.. #####
#.
###........
..........
.........
####.####


You could see Jessica.

Vanquished Creatures
  Sigmund (D:3)
  Ijyb (D:3)
  2 orc wizards (D:3)
  2 adders (D:2)
  A worm (D:2)
  An orc (D:3)
  2 ball pythons
  3 endoplasms
  A giant cockroach (D:3)
  11 hobgoblins
  4 jackals (D:2)
  4 kobolds
  4 quokkas
  5 bats
  2 frilled lizards (D:1)
  9 goblins
  5 rats
58 creatures vanquished.

Notes
Turn   | Place    | Note
-------+----------+-------------------------------------------
     0 | D:1      | qw the Minotaur Berserker began the quest for the Orb.
     0 | D:1      | Reached XP level 1. HP: 19/19 MP: 0/0
     0 | D:1      | 0 ||| qw: Version: 0.1-a-119-g272c26d
     0 | D:1      | 0 ||| qw: Game counter: 11111
     0 | D:1      | 0 ||| qw: Always use a shield: true
     0 | D:1      | 0 ||| qw: Do Orc after D:15 true
     0 | D:1      | 0 ||| qw: Do second Lair branch before Depths: true
     0 | D:1      | 0 ||| qw: Lair rune preference: random
     0 | D:1      | 0 ||| qw: Plans: Normal
     0 | D:1      | 0 ||| PLANNING D:1-11
   150 | D:1      | Reached skill level 4 in Axes
   287 | D:1      | 287 ||| Stepping ~*~*~tactically~*~*~ (stealth).
   289 | D:1      | 289 ||| Stepping ~*~*~tactically~*~*~ (stealth).
   291 | D:1      | Reached XP level 2. HP: 19/26 MP: 1/1
   374 | D:1      | 374 ||| Stepping ~*~*~tactically~*~*~ (stealth).
   694 | D:1      | Found a faded altar of an unknown god.
   714 | D:1      | Found Fuzxidwi's Weapon Shoppe.
   718 | D:1      | 718 ||| SHOPLISTING +2 mace of draining (174 gold, have
                  | 37).
   854 | D:1      | 854 ||| UPGRADING to +0 chain mail.
   864 | D:1      | 864 ||| DROPPING +0 animal skin.
   865 | D:1      | 865 ||| READING 2 scrolls labelled HUANWIQEOST.
   866 | D:1      | 866 ||| READING 3 scrolls labelled REIWAH ESITUEV.
   871 | D:1      | 871 ||| READING scroll labelled ICSORU GOET.
  1013 | D:1      | 1013 ||| READING 2 scrolls labelled GUBIHU KIGILU.
  1014 | D:1      | 1014 ||| READING scroll labelled MIS HYAPIBAZE.
  1015 | D:1      | 1015 ||| READING scroll labelled QEUJAU JUMEIFE.
  1016 | D:1      | 1016 ||| DROPPING scroll of summoning.
  1037 | D:2      | 1037 ||| STAIRDANCE
  1138 | D:2      | Reached skill level 5 in Axes
  1142 | D:2      | Reached XP level 3. HP: 29/31 MP: 2/2
  1245 | D:2      | 1245 ||| Stepping ~*~*~tactically~*~*~ (stealth).
  1246 | D:2      | 1246 ||| Stepping ~*~*~tactically~*~*~ (stealth).
  1248 | D:2      | Reached ** piety under Trog
  1444 | D:2      | 1444 ||| Stepping ~*~*~tactically~*~*~ (stealth).
  1463 | D:2      | Reached XP level 4. HP: 32/39 MP: 3/3
  1471 | D:2      | Reached skill level 6 in Axes
  1833 | D:2      | 1833 ||| UPGRADING to amulet of reflection.
  1838 | D:2      | 1838 ||| READING scroll labelled BIFAUX VUZIN.
  1839 | D:2      | 1839 ||| READING scroll labelled ATIWE APEONOPN.
  1840 | D:2      | 1840 ||| READING scroll labelled ECRITZO BYADUO.
  1841 | D:2      | 1841 ||| DRINKING 2 sedimented green potions.
  1842 | D:2      | 1842 ||| READING 3 scrolls of identify.
  1842 | D:2      | 1842 ||| IDENTIFYING orange potion
  1843 | D:2      | 1843 ||| READING 2 scrolls of identify.
  1843 | D:2      | 1843 ||| IDENTIFYING lumpy puce potion
  1844 | D:2      | 1844 ||| DROPPING potion of flight.
  1940 | D:3      | Noticed Sigmund
  1943 | D:3      | 1943 ||| INVOKING Berserk.
  1948 | D:3      | Killed Sigmund
  1949 | D:3      | Reached skill level 7 in Axes
  1949 | D:3      | Reached XP level 5. HP: 45/45 MP: 4/4
  2186 | D:3      | Noticed Ijyb
  2189 | D:3      | 2189 ||| INVOKING Berserk.
  2194 | D:3      | Killed Ijyb
  2195 | D:3      | Reached XP level 6. HP: 52/52 MP: 5/5
  2207 | D:3      | Reached skill level 8 in Axes
  2231 | D:3      | HP: 13/52 [something (2)]
  2232 | D:3      | 2232 ||| READING 2 scrolls of teleportation.
  2237 | D:3      | Noticed Jessica
  2238 | D:3      | 2238 ||| READING scroll of teleportation.
  2238 | D:3      | HP: 1/52 [Jessica/nerve-wracking pain (7)]
  2248 | D:3      | 2248 ||| INVOKING Berserk.
  2263 | D:3      | 2263 ||| Stepping ~*~*~tactically~*~*~ (hiding).
  2266 | D:3      | HP: 1/52 [Jessica/+0 club (5)]
  2267 | D:3      | Slain by Jessica

Levels and vault maps discovered:
D:1:      dpeg_arrival_solitude, layout_basic, chequers_ecumenical_altar_island,
          serial_shops, shop, chequers_serial_rivers_large_b
D:2:      cheibrodos_greedy_goblins, layout_rooms, serial_bayou_pond_d
D:3:      layout_basic, nzn_wu_jian_contemplation, uniq_jessica, uniq_ijyb,
          uniq_crazy_yiuf_cottage, uniq_sigmund

Skill      XL: |  1  2  3  4  5  6 |
---------------+-------------------+-----
Axes           | 4 5 7 8 |  8.3
Fighting       | 4 |  4.0
Armour         | |  2.4
Dodging        | |  2.1

Action                   |  1- 3 |  4- 6 || total
-------------------------+-------+-------++-------
Melee: Hand axe          |    88 |    73 ||   161
       Headbutt          |    11 |    10 ||    21
       Punch             |     1 |       ||     1
Invok: Berserk           |       |     3 ||     3
  Use: Scroll            |     6 |     7 ||    13
       Potion            |       |     1 ||     1
Armor: Animal skin       |     3 |       ||     3
       Chain mail        |    34 |    33 ||    67
Dodge: Dodged            |    40 |    12 ||    52
Block: Other             |       |     9 ||     9

Table legend:
 A = Non-vault XP
 B = Vault XP
 C = Vault XP percentage of total XP
 D = Non-vault monster count
 E = Vault monster count
 F = Vault count percentage of total count
                 A         B        C        D         E       F
            +---------+---------+-------+---------+---------+-------
      Total |     169 |     288 |  63.0 |      45 |      13 |  22.4
            +---------+---------+-------+---------+---------+-------
        D:1 |      28 |       0 |   0.0 |      17 |       0 |   0.0
        D:2 |      57 |      21 |  26.9 |      20 |      11 |  35.5
        D:3 |      84 |     267 |  76.1 |       8 |       2 |  20.0
            +---------+---------+-------+---------+---------+-------
